Barlocas, chaotic male orcish Ranger -------- -------- -------- -------- |......| |......| ##.......| |......| ##+ |......-####.......| # |......-### |......| # |......| |......|### |.....<| # |......|### |......| |......|# |......| ##.......|# |......| |.......# |......| |......-# 0 --|----- ---.---- -|------ ---|---- ## # ### # # ### # ## # #% ----.--- -.------ ----|--- -------- -------- -------- |......| |......| |......| |......| #.......| |....$.| |..^...| |......| |......| |......| ###|......| #.a>....| |......| |......| |......| |[.....| # |.......####|......| |......| |......| |.......####........## |......| |.e....| |......| |.......####.......| |......| |......| |......| ------|- -------- -------- -------- -------- ---.---- # Barlocas the Trailblazer Experience level: 9 Strength: 16 Dexterity: 11 Constitution: 18 Intelligence: 13 Wisdom: 15 Charisma: 10 Health: 0(60) Energy: 37(37) AC: -9 Gold: 218 Moves: 6167 Your Inventory: Coins $ - 218 gold pieces Weapons a - an uncursed very rusty corroded +1 orcish dagger (weapon in hand) b - an uncursed +1 orcish bow (alternate weapon; not wielded) c - 3 uncursed rusty +2 orcish arrows (in quiver) d - 35 uncursed rusty +0 orcish arrows I - 7 uncursed rusty +0 arrows Armor e - an uncursed +2 cloak of displacement (being worn) j - an uncursed +0 elven mithril-coat (being worn) q - a blessed very rusty +0 pair of iron shoes (being worn) R - a blessed very rusty +5 Uruk-hai shield (being worn) S - an uncursed rusty +0 orcish helm (being worn) Comestibles K - an [uncursed] lizard corpse Rings A - an uncursed ring of warning (on right hand) G - an uncursed +3 ring of protection (on left hand) Wands s - an [uncursed] wand of probing [0:3] u - an [uncursed] rusty wand of light [0:14] w - an [uncursed] wand of magic missile [0:4] Tools z - an [uncursed] sack named all-purpose H - an [uncursed wax] candle Z - an [uncursed] sack named sokoBag Contents of the sack named all-purpose: 202 gold pieces a cursed ring of aggravate monster an uncursed very rusty ring of levitation a cursed ring of polymorph an uncursed ring of shock resistance an uncursed ring of teleport control an uncursed ring of warning an [uncursed] ring of warning an [uncursed] copper wand [of nothing (0:5)] an [uncursed] wand of create monster [0:11] an [uncursed] very rusty wand of light [0:11] an [uncursed] very rusty wand of make invisible [0:5] an [uncursed] wand of polymorph [0:6] Spells known in the end: Name Level Category Fail Memory Your skills at the end: Fighting Skills body armor [Basic / Skilled] Weapon Skills dagger [Skilled / Expert] bow [Skilled / Expert] Spellcasting Skills Final Attributes: You were piously aligned. Hunger level was 124. Your alignment was 40 / 40. Monster difficulty range was 1 - 8. Level difficulty was 7. You resisted sleep. You were immune to poison. You were telepathic. You were warned. You had automatic searching. You had infravision. You were invisible. You were displaced. You were stealthy. You were protected. Your luck was zero. You are dead. Vanquished creatures: 2 giant mimics a giant beetle a panther a leprechaun a gold golem a lizard a dingo a housecat a blue jelly a gnome mummy a rope golem a Woodland-elf a soldier ant an Uruk-hai an orc shaman 2 rock piercers 2 enormous rats a pony 2 fog clouds a yellow light 6 gnome lords 2 kobold mummies 2 gray oozes 2 straw golems 2 paper golems a wax golem a baby crocodile a giant ant a little dog 5 floating eyes 3 dwarves 2 kobold lords a hill orc 5 rothes a centipede 3 giant bats a monkey 3 orc zombies 2 dwarf zombies 3 wererats 3 iguanas 3 killer bees 3 acid blobs 2 gas spores 3 hobbits 2 manes a large kobold 3 hobgoblins 2 giant rats 11 cave spiders 2 brown molds 5 yellow molds 5 green molds 19 gnomes 7 garter snakes a gnome zombie 2 geckos 3 jackals 2 foxes a kobold 5 sewer rats 9 grid bugs a bat 3 lichens 3 kobold zombies 6 newts 178 creatures vanquished. Voluntary challenges: You were an atheist. You used a wielded weapon 149 times. You read items or engraved 14 times. You put on armor 12 times. You never genocided any monsters. You never polymorphed an object. You never changed form. You used no wishes. You wrote Elbereth's name 2 times. You encountered 1 bones level. You never used any Sokoban shortcuts. Dungeon overview: The Dungeons of Doom: levels 1 to 7 Level 1 a fountain a long staircase Level 2 a fountain stairs to The Gnomish Mines Level 3 a fountain Level 6 stairs to Sokoban Level 7 <- You were here The Gnomish Mines: levels 3 to 4 Level 3 stairs to The Dungeons of Doom Sokoban: levels 3 to 5 Level 5 a magic chest stairs to The Dungeons of Doom History has recorded: On T:1 you entered the Dungeons of Doom to retrieve the Amulet of Yendor! On T:279 you reached level 2 of The Dungeons of Doom. On T:354 you reached level 3 of The Dungeons of Doom. On T:425 you reached level 1 of The Gnomish Mines. On T:436 you advanced to experience level 2. On T:445 you advanced to experience level 3. On T:453 you advanced to experience level 4. On T:528 you advanced to experience level 5. On T:599 you reached level 2 of The Gnomish Mines. On T:1034 you advanced to experience level 6. On T:1416 you reached level 4 of The Dungeons of Doom. On T:2015 you advanced to experience level 7. On T:2195 you reached level 6 of The Dungeons of Doom. On T:2229 you reached level 3 of Sokoban. On T:2848 you reached level 2 of Sokoban. On T:3396 you reached level 1 of Sokoban. On T:3886 you advanced to experience level 8. On T:5560 you reached level 7 of The Dungeons of Doom. On T:5749 you advanced to experience level 9. Latest messages: [HP-1=20] The soldier ant bites! The soldier ant stings! [HP-3=17] The soldier ant bites! The soldier ant misses. The soldier ant bites! The soldier ant misses. [HP-2=15] The soldier ant misses. (2x) The soldier ant bites! The soldier ant stings! The soldier ant misses. The soldier ant just misses! [HP-5=10] The soldier ant bites! The soldier ant stings! [HP-6=4] The soldier ant bites! The soldier ant misses. (3x) [HP-1=3] The soldier ant just misses! The soldier ant stings! [HP-1=2] The soldier ant misses. The soldier ant stings! You die... Final status: Goodbye Barlocas the Ranger... You died in The Dungeons of Doom on dungeon level 7 with 2626 points, and 420 pieces of gold, after 6167 moves. You were level 9 with a maximum of 60 hit points when you died.